 Dungeon Crawl Stone Soup version 0.23.1-37-gaa34b87 (webtiles) character file.

Game seed: 1471128076398294542

3424 vishdafish the Grappler (level 10, -2/63 HPs)
             Began as an Octopode Fighter on Mar 22, 2019.
             Was an Initiate of Gozag.
             Slain by a killer bee (7 damage)
             ... on level 8 of the Dungeon.
             The game lasted 00:11:52 (8857 turns).

vishdafish the Grappler (Octopode Fighter)          Turns: 8857, Time: 00:11:53

Health: -2/63      AC:  1    Str: 20    XL:     10   Next: 5%
Magic:  10/10      EV: 13    Int: 13    God:    Gozag
Gold:   586        SH: 12    Dex: 11    Spells: 9/9 levels left

rFire    . . .     SeeInvis .     - Unarmed
rCold    . . .     Gourm    .   h - +0 shield
rNeg     . . .     Faith    .   (helmet restricted)
rPois    .         Spirit   .   (no amulet)
rElec    .         Reflect  .   p - +3 ring of strength
rCorr    .         Harm     .   (no ring)
MR       .....                  (no ring)
Stlth    ++........             (no ring)
HPRegen  0.20/turn              (no ring)
MPRegen  0.12/turn              (no ring)
                                (no ring)
                                (no ring)

@: lethally poisoned (-2 -> -4)
A: almost no armour, stealthy swim, amphibious, 8 rings, constrict 8, camouflage
1, gelatinous body 1
a: Potion Petition, Call Merchant, Bribe Branch, Renounce Religion


You were on level 8 of the Dungeon.
You worshipped Gozag.
Gozag was pleased with you.
You were near starving.

You visited 2 branches of the dungeon, and saw 9 of its levels.

You collected 644 gold pieces.
You paid 58 gold pieces to Gozag.

Inventory:

Missiles
 n - 12 tomahawks (quivered)
 u - 2 javelins
Armour
 a - a +0 shield
 h - a +0 shield (worn)
Jewellery
 p - a +3 ring of strength (left tentacle)
Wands
 d - a wand of flame (34)
 r - a wand of polymorph (15)
 s - a wand of random effects (23)
Scrolls
 b - a scroll of blinking {unknown}
 e - 3 scrolls of amnesia
 f - a scroll of immolation {unknown}
 g - 3 scrolls of random uselessness
 i - a scroll of noise
 k - 2 scrolls of remove curse
 l - a scroll of magic mapping
 m - a scroll of fog {unknown}
 q - a scroll of enchant armour {unknown}
 t - 3 scrolls of identify
 v - a scroll of acquirement {unknown}
Potions
 j - 3 potions of brilliance
Comestibles
 c - 12 rations


   Skills:
 - Level 3.1 Fighting
 - Level 3.1 Dodging
 - Level 10.0 Shields
 + Level 10.2 Unarmed Combat


You had 9 spell levels left.
You didn't know any spells.
Your spell library contained the following spells:

 Spells                   Type           Power        Failure   Level  Hunger
 Flame Tongue             Conj/Fire      #....        50%         1    ##.....
 Freeze                   Ice            #...         50%         1    ##.....
 Throw Flame              Conj/Fire      #.....       65%         2    ###....
 Throw Frost              Conj/Ice       #.....       65%         2    ###....
 Conjure Flame            Conj/Fire      #.......     86%         3    ####...
 Inner Flame              Hex/Fire       #.......     86%         3    ####...
 Ozocubu's Armour         Chrm/Ice       #.......     86%         3    ####...
 Sticky Flame             Conj/Fire      #.......     99%         4    #####..
 Summon Ice Beast         Ice/Summ       #.......     99%         4    #####..
 Throw Icicle             Conj/Ice       #.......     99%         4    #####..
 Fireball                 Conj/Fire      #.........   100%        5    ######.


Dungeon Overview and Level Annotations

Branches:
Dungeon (8/15)             Temple (1/1) D:6
   Lair: D:8-11

Altars:
Cheibriados
Fedhas
Gozag
Hepliaklqana
Kikubaaqudgha
Makhleb
Qazlal
Ru
Sif Muna
Trog
Uskayaw
Xom
Yredelemnul
The Shining One
Jiyva

Shops:
D:8 (

Annotations:
D:8 3 runed translucent doors, fly's ghost, novice DgTm


Innate Abilities, Weirdness & Mutations

You cannot wear most types of armour.
You are very stealthy in the water. (Stealth+)
You are amphibious.
You can wear up to eight rings at the same time.
You can use your tentacles to constrict eight enemies at once.
Your skin changes colour to match your surroundings (Stealth+).
Your rubbery body absorbs attacks. (AC +1, EV +1)


Message History

Evoke which item? (* to show all) (? for menu, Esc to quit)
Okay, then.
As you read the scroll of teleportation, it crumbles to dust.
You feel strangely unstable.
You feel sick. Something stings you. Something barely misses you.
You feel sick.
Something stings you but does no damage.
You feel sick. Something stings you!
* * * LOW HITPOINT WARNING * * *
Your surroundings suddenly seem different.
You feel sick.
You start resting.
You feel sick. x5
You hear an angry buzzing noise.
Something stings you.
* * * LOW HITPOINT WARNING * * *
Something stings you.
* * * LOW HITPOINT WARNING * * *
Something stings you!
You die...
Your body crumbles into a pile of gold.

######## ###......#
#........# #.#.###..#
#.#.###..######### #####
#.#.#............#
#...####.#@..#..#######.#
#####...........##..# #.#
#.......####.....#..# #.#
#.####..#
#........#######.#
#.####..#
#.............##.#
#.#.....#
###.###.#####.##.#
#.#.###.# #.# #.#
#......# #.#.# #.# ##+#
#.###.#.#### #.#.###.#
#...##.......#


There were no monsters in sight!

Vanquished Creatures
  Grinder (D:4)
  A hippogriff (D:7)
  A hungry ghost (D:8)
  Menkaure (D:4)
  The ghost of grocchini the Cudgeler, an amateur GrMo (D:4)
  Edmund (D:4)
  Duvessa (D:7)
  2 orc warriors
  A sky beast (D:5)
  2 black bears
  5 ogres
  2 phantoms
  3 bullfrogs (D:6)
  Dowan (D:7)
  3 crimson imps (D:8)
  A bullfrog zombie (D:5)
  A quasit (D:6)
  2 hounds
  6 orc wizards
  3 orc priests
  Ijyb (D:5)
  2 iguanas
  8 worker ants
  2 hound zombies
  2 hound skeletons
  A howler monkey zombie (D:6)
  6 gnolls
  15 adders
  A howler monkey skeleton (D:6)
  4 oozes
  A worm (D:2)
  4 leopard geckos
  34 orcs
  7 bats
  8 giant cockroaches
  8 goblins
  4 hobgoblins
  7 jackals
  7 quokkas
  A ball python (D:3)
  6 frilled lizards
  A jackal zombie (D:5)
  8 kobolds
  9 rats
186 creatures vanquished.

Notes
Turn   | Place    | Note
-------+----------+-------------------------------------------
     0 | D:1      | vishdafish the Octopode Fighter began the quest for the
                  | Orb.
     0 | D:1      | Reached XP level 1. HP: 16/16 MP: 1/1
    42 | D:1      | Found a glowing golden altar of the Shining One.
    83 | D:1      | Reached XP level 2. HP: 13/21 MP: 2/2
   359 | D:1      | Reached XP level 3. HP: 14/26 MP: 3/3
  1117 | D:1      | Reached XP level 4. HP: 6/31 MP: 4/4
  2001 | D:2      | Reached XP level 5. HP: 28/36 MP: 5/5
  2292 | D:3      | Reached skill level 5 in Shields
  2451 | D:3      | Reached XP level 6. HP: 38/42 MP: 6/6
  3272 | D:4      | Noticed Grinder
  3279 | D:4      | Killed Grinder
  3279 | D:4      | Reached skill level 5 in Unarmed Combat
  3279 | D:4      | Reached XP level 7. HP: 36/46 MP: 7/7
  3467 | D:4      | Noticed Menkaure
  3472 | D:4      | Killed Menkaure
  3605 | D:4      | Noticed Edmund
  3637 | D:4      | Killed Edmund
  3637 | D:4      | Reached XP level 8. HP: 26/52 MP: 8/8
  3869 | D:4      | Found a large runed translucent door.
  3877 | D:4      | Found a large runed translucent door.
  3880 | D:4      | Noticed grocchini's ghost (amateur GrMo)
  4387 | D:4      | Killed grocchini's ghost
  4414 | D:5      | Entered Level 5 of the Dungeon
  4664 | D:5      | Noticed Ijyb
  4671 | D:5      | Killed Ijyb
  4755 | D:5      | Found a blossoming altar of Fedhas.
  4803 | D:5      | Found a burning altar of Makhleb.
  4828 | D:5      | Noticed a green death
  4832 | D:5      | Noticed a hellwing
  4832 | D:5      | Noticed a ynoxinul
  4933 | D:5      | HP: 2/78 [sky beast (6)]
  4938 | D:5      | HP: 1/78 [bullfrog zombie (2)]
  5358 | D:5      | Found a deep blue altar of Sif Muna.
  5430 | D:5      | Found a bloodstained altar of Trog.
  5430 | D:5      | Found a basalt altar of Yredelemnul.
  5544 | D:6      | Found a staircase to the Ecumenical Temple.
  5643 | D:6      | HP: 2/52 [something/magic dart (7)]
  5738 | Temple   | Entered the Ecumenical Temple
  5750 | Temple   | Became a worshipper of Gozag Ym Sagoz the Greedy
  5963 | D:6      | Reached XP level 9. HP: 45/56 MP: 9/9
  7122 | D:7      | Noticed Dowan
  7125 | D:7      | Noticed Duvessa
  7130 | D:7      | Killed Dowan
  7140 | D:7      | Killed Duvessa
  8151 | D:8      | Noticed a +0 hand axe
  8152 | D:8      | Noticed a +0 dagger
  8159 | D:8      | Found a hide-covered altar of Uskayaw.
  8263 | D:8      | Reached skill level 10 in Shields
  8289 | D:8      | Found Liniq's Weapon Shop.
  8366 | D:8      | Reached skill level 10 in Unarmed Combat
  8366 | D:8      | Reached XP level 10. HP: 12/63 MP: 10/10
  8668 | D:8      | Found a runed translucent gate.
  8668 | D:8      | Found a runed translucent gate.
  8672 | D:8      | Found a runed translucent gate.
  8672 | D:8      | Noticed fly's ghost (novice DgTm)
  8674 | D:8      | Found a viscous altar of Jiyva.
  8857 | D:8      | Slain by a killer bee

Skill      XL: |  1  2  3  4  5  6  7  8  9 |
---------------+----------------------------+-----
Unarmed Combat | 3 4 5 6 8 10 | 10.2
Shields        | 4 5 6 8 10 | 10.0
Fighting       | |  3.1
Dodging        | |  3.1

Action                   |  1- 3 |  4- 6 |  7- 9 | 10-12 || total
-------------------------+-------+-------+-------+-------++-------
Melee: Unarmed           |   102 |   123 |   305 |    16 ||   546
       Constrict         |    26 |    38 |    60 |     2 ||   126
       Tentacles         |    15 |    32 |    62 |     2 ||   111
       Punch             |       |     5 |    19 |       ||    24
Throw: Tomahawk          |       |       |     8 |       ||     8
Invok: Potion Petition   |       |       |     1 |       ||     1
Evoke: Wand              |       |       |     2 |     1 ||     3
  Use: Scroll            |       |     8 |     2 |     1 ||    11
       Potion            |       |       |     8 |       ||     8
 Stab: Sleeping          |     9 |     6 |    10 |       ||    25
       Distracted        |       |     1 |     3 |       ||     4
  Eat: Chunk             |       |     7 |     8 |       ||    15
       Ration            |       |       |     3 |       ||     3
Armor: Skin              |    11 |     5 |     9 |     1 ||    26
Dodge: Dodged            |    53 |    33 |    83 |     4 ||   173
Block: Shield            |    36 |    38 |   121 |     6 ||   201
